AoeStats
← Tomminger

Arena

508485291Analyzed
4v4 RM · 10d ago on Sep 22, 2026· 40m 41s· 8 players
Game mode
Random Map
Map size
Large (8 player)
Population
200
Speed
Normal
Resources
Standard
Victory
Conquest
Starting age
Dark Age
Ending age
Imperial Age
RankedLock teamsTeams togetherTeam positionsShared explorationLock speedFull tech treeHidden civsTurbo modeCheats
Victory
Defeat
🇨🇳 Sicilians · China
1169
+11
🇨🇳 Varangians · China
1149
+12
🇹🇷 Persians · Türkiye
1106
+15
🇨🇳 Ethiopians · China
1095
+14
🇩🇪 Teutons · Germany
1134
-15
🇩🇪 Varangians · Germany
1054
-13
🇩🇪 Saxons · Germany
1041
-12
🇰🇿 Britons · Kazakhstan
1029
-12
w
8:08 Loom
11:40 Feudal Age
16:04 Castle Age
14:04 Double-Bit Axe
14:07 Horse Collar
17:40 Heavy Plow
20:54 Bow Saw
24:55 Gold Mining
26:37 Wheelbarrow
26:25 Fortified Wall
28:07 Ballistics
28:31 Gold Shaft Mining
28:37 Crossbowman
34:14 Imperial Age
31:39 Fletching
32:23 Hand Cart
32:23 Murder Holes
32:35 Stone Mining
32:53 Bodkin Arrow
33:27 Squires
33:53 Masonry
35:29 Bracer
35:30 Padded Archer Armor
37:01 Chemistry
36:08 Arbalester
37:07 Leather Archer Armor
37:18 Town Watch
37:53 Husbandry
37:16 Light Cavalry
38:32 Ring Archer Armor
38:12 Forging
37:55 Halberdier
40:41 Iron Casting
40:56 Thumb Ring
emre_gul19
8:34 Feudal Age
8:04 Loom
8:54 Double-Bit Axe
9:45 Wheelbarrow
16:58 Castle Age
14:55 Stone Mining
16:19 Horse Collar
17:42 Heavy Plow
22:51 Hand Cart
23:12 Gold Mining
25:05 Gold Shaft Mining
25:41 Town Watch
26:28 Forging
26:24 Scale Barding Armor
26:20 Padded Archer Armor
30:25 Imperial Age
27:53 Fletching
29:17 Kamandaran
29:59 Iron Casting
29:20 Bodkin Arrow
29:41 Leather Archer Armor
29:29 Husbandry
29:51 Bloodlines
31:12 Conscription
31:20 Town Patrol
31:55 Crop Rotation
31:38 Bow Saw
33:22 Blast Furnace
32:44 Chain Barding Armor
31:48 Light Cavalry
33:18 Stone Shaft Mining
32:57 Crossbowman
33:42 Thumb Ring
34:43 Chemistry
34:03 Ballistics
33:26 Hussar
34:41 Ring Archer Armor
35:39 Plate Barding Armor
zhenyy
11:34 Feudal Age
12:09 Double-Bit Axe
15:15 Castle Age
14:33 Horse Collar
16:49 Bow Saw
17:34 Wheelbarrow
24:12 Loom
24:43 Hand Cart
25:48 Gold Mining
26:12 Heavy Plow
26:27 Town Watch
27:50 Stone Mining
31:12 Imperial Age
30:03 Forging
29:59 Scale Barding Armor
29:55 Scale Mail Armor
30:59 Squires
30:44 Arson
31:42 Town Patrol
32:28 Iron Casting
31:20 Elite Varangian Guard
31:44 Capped Ram
33:23 Chain Mail Armor
34:09 Blast Furnace
32:32 Gothikon
33:33 Conscription
34:38 Stone Shaft Mining
34:34 Fortified Wall
35:16 Guilds
35:45 Plate Mail Armor
36:22 Elite Jarl
37:40 Chain Barding Armor
39:38 Caravan
40:52 Plate Barding Armor
40:08 Fletching
40:18 Padded Archer Armor
40:07 Siege Ram
所以狼
10:56 Feudal Age
14:46 Castle Age
14:17 Double-Bit Axe
18:38 Scale Mail Armor
20:11 Fletching
25:06 Pikeman
29:37 Forging
39:46 Chain Mail Armor
40:07 Iron Casting
Niklas1910
9:48 Feudal Age
13:45 Castle Age
12:21 Loom
12:41 Double-Bit Axe
12:37 Horse Collar
15:45 Bow Saw
28:22 Heavy Plow
32:41 Wheelbarrow
34:30 Town Watch
Tomminger
10:48 Feudal Age
15:08 Castle Age
13:46 Double-Bit Axe
13:43 Horse Collar
16:51 Bow Saw
17:29 Heavy Plow
17:47 Loom
22:21 Man-at-Arms
22:47 Gambesons
23:04 Squires
23:56 Long Swordsman
26:14 Forging
26:04 Scale Mail Armor
27:59 Iron Casting
28:48 Chain Mail Armor
28:39 Gold Mining
28:45 Arson
36:38 Imperial Age
34:44 Wheelbarrow
34:18 Stone Mining
34:49 Scale Barding Armor
34:36 Fletching
37:03 Two-Handed Swordsman
38:45 Blast Furnace
38:16 Plate Mail Armor
38:18 Bodkin Arrow
KiingAngelo
4:01 Loom
11:06 Feudal Age
15:43 Castle Age
13:59 Stone Mining
14:29 Double-Bit Axe
15:07 Horse Collar
16:24 Gold Mining
17:30 Fletching
19:28 Wheelbarrow
18:58 Town Watch
26:14 Bow Saw
27:14 Bodkin Arrow
28:22 Forging
28:13 Scale Mail Armor
31:05 Iron Casting
32:24 Gambesons
32:40 Squires
32:49 Squires
32:37 Arson
34:28 Chain Mail Armor
35:31 Ballistics
41:24 Imperial Age
WAnds | Loki
2:49 Loom
12:48 Feudal Age
14:30 Double-Bit Axe
17:41 Castle Age
17:00 Stone Mining
19:06 Bow Saw
19:54 Horse Collar
27:25 Wheelbarrow
27:31 Fletching
30:20 Imperial Age
28:07 Heavy Plow
29:00 Hand Cart
29:19 Fervor
29:54 Ballistics
29:33 Gold Mining
31:28 Gold Shaft Mining
32:27 Chemistry
31:33 Siege Engineers
32:24 Bodkin Arrow
33:27 Block Printing
33:55 Theocracy
33:55 Illumination
35:10 Warwolf
36:20 Bracer
36:21 Padded Archer Armor
36:47 Elite Longbowman
37:53 Yeomen
38:18 Conscription
38:59 Leather Archer Armor
39:54 Two-Man Saw
40:21 Devotion
Connection lost

Rejoining the realm…

Still unreachable

The connection could not be restored.

Session expired

The server has moved on; the page needs a fresh start.